 Dungeon Crawl Stone Soup version 0.16-a0-1982-g8124c91 (webtiles) character file.

72 RobertPalmer the Insei (level 4, 15/32 HPs)
             Began as a Demonspawn Transmuter on Nov 8, 2014.
             Quit the game on level 3 of the Dungeon.
             The game lasted 00:01:57 (1860 turns).

RobertPalmer the Insei (Demonspawn Transmuter)      Turns: 1860, Time: 00:01:57

Health: 15/32      AC:  7    Str: 10    XL:     4   Next: 7%
Magic:  6/7        EV: 12    Int: 15    God:
Gold:   50         SH:  0    Dex: 14    Spells: 1 memorised, 6 levels left

rFire  . . .     SeeInvis .       - Unarmed
rCold  . . .     Clarity  .     c - +0 robe
rNeg   . . .     SustAb   .     (no shield)
rPois  .         Gourm    .     (no helmet)
rElec  .         Spirit   +     (no cloak)
rCorr  .         Warding  .     i - +0 pair of gloves
rMut   .         Stasis   .     (no boots)
MR     .....                    (no amulet)
Stlth  +.........               (no ring)
                                (no ring)

@: mildly poisoned, not resistant to hostile enchantments, very unstealthy
A: iridescent scales 1, magic shield
a: no special abilities


You were on level 3 of the Dungeon.
You were not hungry.

You visited 1 branch of the dungeon, and saw 3 of its levels.

You collected 50 gold pieces.


Innate Abilities, Weirdness & Mutations

You are partially covered in iridescent scales (AC +4).
When hurt, damage is shared between your health and your magic reserves.


   Skills:
 - Level 1.0 Fighting
 - Level 1.7 Dodging
 + Level 4.5 Unarmed Combat
 - Level 2.0 Spellcasting
 - Level 1.7 Transmutations


You had 6 spell levels left.
You knew the following spells:

 Your Spells              Type           Power        Failure   Level  Hunger
z - Beastly Appendage     Trmt           #.....       12%         1    #......

Inventory:

Missiles
 b - 36 arrows
Armour
 c - a +0 robe (worn)
 i - a +0 pair of gloves (worn)
Jewellery
 f - an uncursed ring of protection from cold {unknown}
 l - an uncursed ring of see invisible {unknown}
Scrolls
 g - 2 scrolls of enchant armour {unknown}
 j - a scroll of fear {unknown}
 m - a scroll of magic mapping {unknown}
 n - a scroll of teleportation {unknown}
 o - a scroll of remove curse {unknown}
 p - a scroll of amnesia {unknown}
 s - a scroll of blinking {unknown}
 t - a scroll of recharging {unknown}
Potions
 e - a potion of degeneration {unknown}
 h - a potion of heal wounds {unknown}
 q - a potion of cancellation {unknown}
 r - a potion of magic {unknown}
 u - a potion of curing {unknown}
Books
 d - a book of Changes
Comestibles
 a - a bread ration
 k - 2 beef jerkies

Dungeon Overview and Level Annotations

Branches:
Dungeon (3/15)

Altars:

#......# #.....(# .
##+#+#####......##.#
#...............##.#
+###...............##.#+
........................
..............#'####.....
....#+#'######.# #.....
#@# #.# #..... #l# #.#
#..... +.......#
#.######.#' ##......#
#........#. ........#
########.#. ........#
########. ........
......... .......
#######.. ####.. #..


You could see a giant gecko.


Message History

The adder is severely wounded.
You feel sick. The adder bites you but does no damage.
You miss the adder.
The adder is severely wounded.
The adder bites you.
You closely miss the adder.
The adder is severely wounded.
The adder barely misses you. The adder closely misses you.
You punch the adder!
You kill the adder!
You have reached level 4!
Your demonic ancestry asserts itself...
You feel your magical essence form a protective shroud around your flesh.
You feel clever.
You hit the giant gecko but do no damage.
You feel sick.
The giant gecko bites you but does no damage.
You barely miss the giant gecko.
You punch the giant gecko, but do no damage.
The giant gecko bites you but does no damage.
You closely miss the giant gecko.
The giant gecko bites you but does no damage.
The giant gecko barely misses you.
You barely miss the giant gecko.
The giant gecko bites you but does no damage.
You hit the giant gecko.
The giant gecko is heavily wounded.
You feel sick. The giant gecko bites you.
* * * LOW HITPOINT WARNING * * *
Are you sure you want to abandon this character and quit the game? (Confirm with "yes".)

Action                   |  1- 3 |  4- 6 || total
-------------------------+-------+-------++-------
Melee: Unarmed           |   195 |     5 ||   200
 Stab: Sleeping          |     1 |       ||     1
  Eat: Bread ration      |     1 |       ||     1
       Chunk             |     1 |       ||     1

Vault maps used:
D:1:      dpeg_arrival_connections, minmay_crystal_room

Notes
Turn   | Place    | Note
--------------------------------------------------------------
     0 | D:1      | RobertPalmer, the Demonspawn Transmuter, began the quest for the Orb.
     0 | D:1      | Reached XP level 1. HP: 15/15 MP: 3/3
    97 | D:1      | Reached skill level 3 in Unarmed Combat
   258 | D:1      | Gained mutation: You are partially covered in iridescent scales (AC +4). [demonic ancestry]
   258 | D:1      | Reached XP level 2. HP: 21/21 MP: 4/4
   986 | D:2      | Reached XP level 3. HP: 7/26 MP: 6/6
  1319 | D:2      | Reached skill level 4 in Unarmed Combat
  1854 | D:3      | Gained mutation: When hurt, damage is shared between your health and your magic reserves. [demonic ancestry]
  1854 | D:3      | Reached XP level 4. HP: 18/32 MP: 7/7
  1860 | D:3      | Quit the game

Vanquished Creatures
  4 adders
  2 oozes (D:1)
  4 giant cockroaches
  4 hobgoblins
  A jackal (D:1)
  8 kobolds
  A quokka (D:2)
  A ball python (D:1)
  3 bats (D:1)
  2 giant newts
  3 goblins
  4 rats (D:1)
37 creatures vanquished.
